Stars vs Jets

Created - April 14, 2016 at 18:08

Goals
1 2 3 OT1 T
Stars 0 0 3 0 3
Jets 2 0 1 1 4
Shots
1 2 3 OT1 T
Stars 12 10 16 1 39
Jets 13 6 8 2 29

1st period

1. Jets , Cam Atkinson 1 (Nicklas Grossmann, Jamie Benn) at 13:35
2. Jets , Boyd Gordon 1 (Brett Connolly, Brent Seabrook) at 15:41

Penalties :
Brent Seabrook (WPG) for Tripping (Minor) at 2:46, Kris Letang (DAL) for Interference (Minor) at 17:03

2nd period

No Goal

Penalties :
No Penalty

3rd period

3. Jets , Boyd Gordon 2 (Hampus Lindholm) at 5:09
4. Stars , Tyler Seguin 1 (Evgeni Malkin, Ondrej Palat) at 11:17
5. Stars , Nikita Kucherov 2 (David Backes) at 11:21
6. Stars , Patrik Elias 1 (Ryan Callahan, Paul Byron) at 13:17

Penalties :
Shea Weber (DAL) for Holding (Minor) at 7:41, Brent Seabrook (WPG) for Tripping (Minor) at 19:43

Overtime #1

7. Jets , Nick Bonino 1 (Kyle Okposo, Hampus Lindholm) at 5:18

Penalties :
Zdeno Chara (DAL) for Roughing (Minor) at 3:16

Goalie Stats

Jonathan Quick (DAL), 25 saves from 29 shots - (0.862), OTL, 0-1-1, 65:19 minutes
Cory Schneider (WPG), 36 saves from 39 shots - (0.923), W, 2-0-0, 65:19 minutes

Players Stats for Stars

Player Name              G  A  P  +/- PIM S  H  SB GA TA FO     MP     PP MP  PK MP  
------------------------------------------------------------------------------------
David Backes             0  1  1  -1  0   5  6  0  0  0  24/44  24:50   1:44   3:22 
Evgeni Malkin            0  1  1   0  0   5  0  0  0  0  18/30  21:56   1:44   0:00 
John Mitchell            0  0  0   0  0   0  0  0  0  0  0/0     0:00   0:00   0:00 
Jonathan Huberdeau       0  0  0  -1  0   2  0  1  0  0  1/3    25:55   2:14   2:35 
Kris Letang              0  0  0  -2  2   1  1  1  0  0  0/0    27:35   1:44   2:10 
Mark Stuart              0  0  0   0  0   1  3  1  0  0  0/0    16:14   0:00   2:08 
Maxim Lapierre           0  0  0   0  0   0  0  0  0  0  0/0     0:00   0:00   0:00 
Nikita Kucherov          1  0  1  -1  0   8  0  0  0  0  1/2    20:20   1:44   0:00 
Olli Maatta              0  0  0   1  0   1  0  0  0  0  0/0    20:50   0:00   3:14 
Ondrej Palat             0  1  1   0  0   2  3  0  0  0  0/1    24:31   2:14   3:22 
Patrik Elias             1  0  1   0  0   5  1  0  0  0  6/19   14:52   0:00   0:00 
Paul Byron               0  1  1   0  0   1  0  1  0  0  1/2    14:52   0:00   0:00 
Rob Scuderi              0  0  0   0  0   0  0  0  0  0  0/0     0:00   0:00   0:00 
Ryan Callahan            0  1  1   0  0   2  1  0  0  0  0/0    19:21   2:14   0:00 
Shea Weber               0  0  0   1  2   1  2  0  0  0  0/0    25:54   2:14   2:50 
Tyler Seguin             1  0  1   0  0   5  3  0  0  0  5/12   25:37   2:14   2:35 
Vyacheslav Voynov        0  0  0   0  0   0  0  0  0  0  0/0    13:59   0:00   0:05 
Zdeno Chara              0  0  0  -2  2   0  2  1  0  0  0/0    23:49   1:44   1:27 

Players Stats for Jets

Player Name              G  A  P  +/- PIM S  H  SB GA TA FO     MP     PP MP  PK MP  
------------------------------------------------------------------------------------
Adam Lowry               0  0  0   0  0   0  0  0  0  0  0/0     0:30   0:00   0:30 
Boyd Gordon              2  0  2   2  0   2  0  0  0  0  9/14    7:32   0:00   2:04 
Brad Marchand            0  0  0  -1  0   3  4  1  0  0  0/1    23:57   1:59   0:00 
Brent Seabrook           0  1  1   0  4   1  1  2  0  0  0/0    20:23   2:17   0:00 
Brett Connolly           0  1  1   2  0   0  0  0  0  0  0/0     5:28   0:00   0:00 
Cam Atkinson             1  0  1  -1  0   4  1  0  0  0  2/3    22:39   1:59   1:24 
David Krejci             0  0  0  -1  0   4  1  1  0  0  13/30  21:15   1:59   0:00 
Dylan Olsen              0  0  0   2  0   0  3  0  0  0  0/0    13:11   0:00   0:00 
Frans Nielsen            0  0  0   1  0   2  0  0  0  0  0/4    10:46   0:00   2:04 
Hampus Lindholm          0  2  2  -1  0   1  0  9  0  0  0/0    25:53   3:40   2:24 
Jamie Benn               0  1  1  -1  0   0  4  0  0  0  2/4    23:14   3:58   0:00 
Jason Zucker             0  0  0   1  0   1  1  0  0  0  0/0     8:42   0:00   0:00 
Joe Pavelski             0  0  0  -1  0   4  1  0  0  0  19/32  25:56   3:58   0:00 
Kyle Okposo              0  1  1  -1  0   3  1  0  0  0  0/1    25:56   3:58   0:00 
Nick Bonino              1  0  1   3  0   2  0  0  0  0  12/24  16:04   0:00   1:54 
Nicklas Grossmann        0  1  1   2  0   0  1  1  0  0  0/0    19:01   0:00   1:34 
Tobias Enstrom           0  0  0  -1  0   1  2  2  0  0  0/0    25:53   3:40   2:24 
Tyler Myers              0  0  0   0  0   1  1  2  0  0  0/0    26:15   2:17   1:34 

3 Stars

1 - Boyd Gordon (WPG)
2 - Nick Bonino (WPG)
3 - Tyler Seguin (DAL)

Power Play

Stars - 0 on 2 Attempt(s) - 0.00%
Jets - 0 on 3 Attempt(s) - 0.00%

Penalty Kill

Stars - 3 on 3 Attempt(s) - 100.00% - Score 0 goal in Penalty Kill
Jets - 2 on 2 Attempt(s) - 100.00% - Score 0 goal in Penalty Kill

Team Stat

Stars - Hits : 22 - Faceoff Wins : 56 - Blocked Shots : 5 - Penalty Minutes : 6
Jets - Hits : 21 - Faceoff Wins : 57 - Blocked Shots : 18 - Penalty Minutes : 4

Official

Referees : Chris Rooney and Francis Charron
Linesman : Greg Devorski and Brad Lazarowich

Game Notes

No Game Note

Finance

Level 1 -- Attendance: 6000 (100.00%) -- Ticket Income $588,000
Level 2 -- Attendance: 5000 (100.00%) -- Ticket Income $385,000
Level 3 -- Attendance: 2200 (100.00%) -- Ticket Income $158,400
Level 4 -- Attendance: 1016 (100.00%) -- Ticket Income $67,056
Luxury Box -- Attendance: 800 (100.00%) -- Ticket Income $184,000
Game was played at the MTS Center.
Total Attendance: 15016 (100.00%)
Total Ticket Income: $1,382,456
Other Income: $207,368
Total Income: $1,589,824

% Time on Ice - Stars

Lines # - Real PCT - Wanted PCT - Time Play
Normal Forward
1 - 34% - 38% - 18:55
2 - 34% - 35% - 18:36
3 - 27% - 15% - 14:52
4 - 5% - 12% - 3:01
Normal Defense
1 - 37% - 40% - 20:39
2 - 32% - 35% - 17:36
3 - 25% - 15% - 13:54
4 - 6% - 10% - 3:15
PP Forward
1 - 44% - 50% - 1:44
2 - 56% - 50% - 2:14
PP Defense
1 - 44% - 50% - 1:44
2 - 56% - 50% - 2:14
PK Forward
1 - 57% - 50% - 3:22
2 - 43% - 50% - 2:35
PK Defense
1 - 54% - 50% - 3:14
2 - 46% - 50% - 2:43
PK3 Forward
1 - 0% - 50%
2 - 0% - 50%
PK3 Defense
1 - 0% - 50%
2 - 0% - 50%
44 Forward
1 - 0% - 50%
2 - 0% - 50%
44 Defense
1 - 0% - 50%
2 - 0% - 50%
Last Minute Offensive  - 0:00
Last Minute Defensive  - 0:00
Total
Forward - 65:19
Defense - 65:19

% Time on Ice - Jets

Lines # - Real PCT - Wanted PCT - Time Play
Normal Forward
1 - 40% - 40% - 21:58
2 - 35% - 35% - 19:16
3 - 16% - 15% - 8:42
4 - 10% - 10% - 5:28
Normal Defense
1 - 36% - 35% - 19:49
2 - 33% - 32% - 18:08
3 - 24% - 23% - 13:11
4 - 8% - 10% - 4:16
PP Forward
1 - 67% - 63% - 3:58
2 - 33% - 37% - 1:59
PP Defense
1 - 62% - 70% - 3:40
2 - 38% - 30% - 2:17
PK Forward
1 - 48% - 50% - 1:54
2 - 52% - 50% - 2:04
PK Defense
1 - 61% - 60% - 2:24
2 - 39% - 40% - 1:34
PK3 Forward
1 - 0% - 70%
2 - 0% - 30%
PK3 Defense
1 - 0% - 60%
2 - 0% - 40%
44 Forward
1 - 0% - 50%
2 - 0% - 50%
44 Defense
1 - 0% - 51%
2 - 0% - 49%
Last Minute Offensive  - 0:00
Last Minute Defensive  - 0:00
Total
Forward - 65:19
Defense - 65:19

Play by Play

1st period


0:01 of 1st period - Evgeni Malkin wins face-off versus Joe Pavelski in neutral zone.
0:06 of 1st period - Shot by Tyler Seguin.
0:06 of 1st period - Shot Blocked by Hampus Lindholm.
0:08 of 1st period - Shot by Kris Letang.
0:08 of 1st period - Shot Blocked by Hampus Lindholm.
0:10 of 1st period - Shot by Kris Letang.
0:10 of 1st period - Shot Misses the Net.
0:26 of 1st period - Shot by Tyler Seguin.
0:26 of 1st period - Stopped by Cory Schneider without a rebound.
0:27 of 1st period - David Backes wins face-off versus David Krejci in Jets zone.
0:27 of 1st period - David Backes is hit by Brent Seabrook.
0:31 of 1st period - Shot by Jonathan Huberdeau.
0:31 of 1st period - Shot Blocked by Brent Seabrook.
0:34 of 1st period - Icing by Tyler Myers.
0:35 of 1st period - Jamie Benn wins face-off versus Patrik Elias in Jets zone.
0:45 of 1st period - Off-side.
0:46 of 1st period - Nick Bonino wins face-off versus David Backes in neutral zone.
1:20 of 1st period - Icing by Olli Maatta.
1:21 of 1st period - David Krejci wins face-off versus David Backes in Stars zone.
1:54 of 1st period - Shot by Brent Seabrook.
1:54 of 1st period - Stopped by Jonathan Quick with a rebound.
2:46 of 1st period - Minor Penalty to Brent Seabrook for Tripping.
2:47 of 1st period - Tyler Seguin wins face-off versus Frans Nielsen in Jets zone.
3:04 of 1st period - Shot by Tyler Seguin.
3:04 of 1st period - Shot Misses the Net.
3:38 of 1st period - Shot by Nikita Kucherov.
3:38 of 1st period - Stopped by Cory Schneider without a rebound.
3:39 of 1st period - David Backes wins face-off versus Frans Nielsen in Jets zone.
3:50 of 1st period - Shot by Zdeno Chara.
3:50 of 1st period - Shot Misses the Net.
3:52 of 1st period - Shot by Kris Letang.
3:52 of 1st period - Shot Misses the Net.
4:38 of 1st period - Shot by Ondrej Palat.
4:38 of 1st period - Shot Misses the Net.
4:40 of 1st period - Shot by Shea Weber.
4:40 of 1st period - Shot Blocked by Hampus Lindholm.
6:05 of 1st period - Shot by Jonathan Huberdeau.
6:05 of 1st period - Shot Misses the Net.
6:12 of 1st period - Icing by Brent Seabrook.
6:13 of 1st period - Evgeni Malkin wins face-off versus Nick Bonino in Jets zone.
7:35 of 1st period - Shot by Joe Pavelski.
7:35 of 1st period - Stopped by Jonathan Quick without a rebound.
7:36 of 1st period - David Krejci wins face-off versus Patrik Elias in Stars zone.
7:39 of 1st period - Shot by David Krejci.
7:39 of 1st period - Shot Blocked by Mark Stuart.
8:08 of 1st period - Shot by David Krejci.
8:08 of 1st period - Shot Misses the Net.
8:18 of 1st period - Shot by Cam Atkinson.
8:18 of 1st period - Shot Misses the Net.
8:29 of 1st period - Off-side.
8:30 of 1st period - David Backes wins face-off versus Joe Pavelski in neutral zone.
8:32 of 1st period - Off-side.
8:33 of 1st period - Evgeni Malkin wins face-off versus Joe Pavelski in neutral zone.
8:40 of 1st period - Shot by Tyler Seguin.
8:40 of 1st period - Shot Misses the Net.
8:42 of 1st period - Shot by Ondrej Palat.
8:42 of 1st period - Stopped by Cory Schneider with a rebound.
8:44 of 1st period - Shot by Kris Letang.
8:44 of 1st period - Shot Misses the Net.
8:46 of 1st period - Shot by Ondrej Palat.
8:46 of 1st period - Shot Misses the Net.
8:48 of 1st period - Shot by Ondrej Palat.
8:48 of 1st period - Stopped by Cory Schneider without a rebound.
8:49 of 1st period - David Backes wins face-off versus Boyd Gordon in Jets zone.
9:04 of 1st period - Shot by Nikita Kucherov.
9:04 of 1st period - Shot Misses the Net.
9:06 of 1st period - Shot by David Backes.
9:06 of 1st period - Stopped by Cory Schneider without a rebound.
9:07 of 1st period - Joe Pavelski wins face-off versus Evgeni Malkin in Jets zone.
9:11 of 1st period - Off-side.
9:12 of 1st period - Joe Pavelski wins face-off versus Tyler Seguin in neutral zone.
10:26 of 1st period - Shot by David Krejci.
10:26 of 1st period - Stopped by Jonathan Quick without a rebound.
10:27 of 1st period - Boyd Gordon wins face-off versus Evgeni Malkin in Stars zone.
11:12 of 1st period - Icing by Tyler Myers.
11:13 of 1st period - Boyd Gordon wins face-off versus Patrik Elias in Jets zone.
11:26 of 1st period - Shot by Ryan Callahan.
11:26 of 1st period - Stopped by Cory Schneider with a rebound.
11:29 of 1st period - Icing by Tyler Myers.
11:30 of 1st period - Boyd Gordon wins face-off versus David Backes in Jets zone.
11:30 of 1st period - Boyd Gordon is hit by David Backes.
11:54 of 1st period - Shot by Nikita Kucherov.
11:54 of 1st period - Shot Misses the Net.
11:58 of 1st period - Shot by Nikita Kucherov.
11:58 of 1st period - Shot Blocked by Hampus Lindholm.
12:26 of 1st period - Shot by Tyler Seguin.
12:26 of 1st period - Shot Misses the Net.
12:28 of 1st period - Shot by Kris Letang.
12:28 of 1st period - Shot Hit the Post.
12:30 of 1st period - Shot by Shea Weber.
12:30 of 1st period - Shot Blocked by Tobias Enstrom.
12:35 of 1st period - Ondrej Palat is hit by Tobias Enstrom and loses puck.
12:42 of 1st period - Shot by Evgeni Malkin.
12:42 of 1st period - Shot Misses the Net.
12:52 of 1st period - Shot by Evgeni Malkin.
12:52 of 1st period - Stopped by Cory Schneider without a rebound.
12:53 of 1st period - Patrik Elias wins face-off versus David Krejci in Jets zone.
13:21 of 1st period - Icing by Nicklas Grossmann.
13:22 of 1st period - Cam Atkinson wins face-off versus Nikita Kucherov in Jets zone.
13:30 of 1st period - Jamie Benn is hit by Zdeno Chara and loses puck.
13:35 of 1st period - Shot by Cam Atkinson.
13:35 of 1st period - Goal by Cam Atkinson - Stars : 0 - Jets : 1.
13:36 of 1st period - Evgeni Malkin wins face-off versus Nick Bonino in neutral zone.
13:39 of 1st period - Shot by Ondrej Palat.
13:39 of 1st period - Deflect By Evgeni Malkin.
13:39 of 1st period - Shot Misses the Net.
13:41 of 1st period - Shot by Vyacheslav Voynov.
13:41 of 1st period - Shot Blocked by Tyler Myers.
13:47 of 1st period - Shot by Evgeni Malkin.
13:47 of 1st period - Stopped by Cory Schneider with a rebound.
13:52 of 1st period - Icing by Brent Seabrook.
13:53 of 1st period - David Backes wins face-off versus Nick Bonino in Jets zone.
14:05 of 1st period - Nikita Kucherov is hit by Tyler Myers and loses puck.
14:14 of 1st period - Shot by Nikita Kucherov.
14:14 of 1st period - Stopped by Cory Schneider without a rebound.
14:15 of 1st period - Evgeni Malkin wins face-off versus David Krejci in Jets zone.
14:38 of 1st period - Hampus Lindholm is hit by Tyler Seguin and loses puck.
14:53 of 1st period - Shot by Tyler Seguin.
14:53 of 1st period - Shot Misses the Net.
15:08 of 1st period - Icing by Olli Maatta.
15:09 of 1st period - Joe Pavelski wins face-off versus Evgeni Malkin in Stars zone.
15:33 of 1st period - Shot by Joe Pavelski.
15:33 of 1st period - Stopped by Jonathan Quick without a rebound.
15:34 of 1st period - Boyd Gordon wins face-off versus David Backes in Stars zone.
15:39 of 1st period - Shot by Brett Connolly.
15:39 of 1st period - Shot Blocked by Zdeno Chara.
15:41 of 1st period - Shot by Boyd Gordon.
15:41 of 1st period - Goal by Boyd Gordon - Stars : 0 - Jets : 2.
15:42 of 1st period - David Backes wins face-off versus Kyle Okposo in neutral zone.
15:53 of 1st period - Shot by Jonathan Huberdeau.
15:53 of 1st period - Shot Misses the Net.
16:04 of 1st period - Icing by Nikita Kucherov.
16:05 of 1st period - David Backes wins face-off versus David Krejci in Stars zone.
16:26 of 1st period - Shot by David Krejci.
16:26 of 1st period - Stopped by Jonathan Quick without a rebound.
16:27 of 1st period - Joe Pavelski wins face-off versus Patrik Elias in Stars zone.
16:33 of 1st period - Patrik Elias is hit by Nicklas Grossmann and loses puck.
16:54 of 1st period - Shot by Kyle Okposo.
16:54 of 1st period - Stopped by Jonathan Quick without a rebound.
16:55 of 1st period - David Krejci wins face-off versus Evgeni Malkin in Stars zone.
17:03 of 1st period - Minor Penalty to Kris Letang for Interference.
17:04 of 1st period - Jamie Benn wins face-off versus David Backes in Stars zone.
17:11 of 1st period - Shot by Hampus Lindholm.
17:11 of 1st period - Stopped by Jonathan Quick with a rebound.
17:37 of 1st period - Shot by Tyler Seguin.
17:37 of 1st period - Shot Misses the Net.
18:09 of 1st period - Mark Stuart is hit by Cam Atkinson and loses puck.
18:18 of 1st period - Shot by Cam Atkinson.
18:18 of 1st period - Stopped by Jonathan Quick without a rebound.
18:19 of 1st period - David Backes wins face-off versus David Krejci in Stars zone.
18:30 of 1st period - Shot by David Krejci.
18:30 of 1st period - Stopped by Jonathan Quick with a rebound.
18:32 of 1st period - Shot by David Krejci.
18:32 of 1st period - Stopped by Jonathan Quick without a rebound.
18:33 of 1st period - Tyler Seguin wins face-off versus Jamie Benn in Stars zone.
18:58 of 1st period - Shot by Tyler Seguin.
18:58 of 1st period - Shot Misses the Net.
19:04 of 1st period - Shot by Jamie Benn.
19:04 of 1st period - Deflect By Nick Bonino.
19:04 of 1st period - Stopped by Jonathan Quick without a rebound.
19:05 of 1st period - Patrik Elias wins face-off versus Boyd Gordon in Stars zone.
19:12 of 1st period - Shot by Patrik Elias.
19:12 of 1st period - Stopped by Cory Schneider without a rebound.
19:13 of 1st period - Paul Byron wins face-off versus Nick Bonino in Jets zone.
19:14 of 1st period - Shot by Patrik Elias.
19:14 of 1st period - Deflect By Paul Byron.
19:14 of 1st period - Stopped by Cory Schneider without a rebound.
19:15 of 1st period - Evgeni Malkin wins face-off versus Nick Bonino in Jets zone.
19:18 of 1st period - Shot by Tyler Seguin.
19:18 of 1st period - Deflect By Evgeni Malkin.
19:18 of 1st period - Shot Misses the Net.
19:22 of 1st period - Shot by Tyler Seguin.
19:22 of 1st period - Shot Misses the Net.
19:28 of 1st period - Shot by Evgeni Malkin.
19:28 of 1st period - Deflect By Tyler Seguin.
19:28 of 1st period - Stopped by Cory Schneider without a rebound.
19:29 of 1st period - Joe Pavelski wins face-off versus David Backes in Jets zone.
19:49 of 1st period - Joe Pavelski is hit by Kris Letang and loses puck.
Goals for this period are 0 for Stars vs 2 for Jets.
Shots for this period are 12 for Stars vs 13 for Jets.

2nd period


0:01 of 2nd period - David Backes wins face-off versus David Krejci in neutral zone.
0:19 of 2nd period - Kris Letang is hit by David Krejci and loses puck.
0:42 of 2nd period - Shot by Nikita Kucherov.
0:42 of 2nd period - Shot Blocked by Hampus Lindholm.
0:44 of 2nd period - Shot by Nikita Kucherov.
0:44 of 2nd period - Stopped by Cory Schneider with a rebound.
0:51 of 2nd period - Icing by Tobias Enstrom.
0:52 of 2nd period - David Krejci wins face-off versus Evgeni Malkin in Jets zone.
1:08 of 2nd period - Off-side.
1:09 of 2nd period - Joe Pavelski wins face-off versus Patrik Elias in neutral zone.
1:36 of 2nd period - Off-side.
1:37 of 2nd period - Boyd Gordon wins face-off versus Evgeni Malkin in neutral zone.
1:42 of 2nd period - Icing by Olli Maatta.
1:43 of 2nd period - Evgeni Malkin wins face-off versus David Krejci in Stars zone.
1:43 of 2nd period - Evgeni Malkin is hit by Jamie Benn.
1:46 of 2nd period - Icing by Ondrej Palat.
1:47 of 2nd period - Evgeni Malkin wins face-off versus Joe Pavelski in Stars zone.
2:07 of 2nd period - Evgeni Malkin is hit by Brad Marchand and loses puck.
2:16 of 2nd period - Shot by Kyle Okposo.
2:16 of 2nd period - Stopped by Jonathan Quick without a rebound.
2:17 of 2nd period - David Backes wins face-off versus David Krejci in Stars zone.
2:24 of 2nd period - Dylan Olsen is hit by David Backes and loses puck.
2:35 of 2nd period - Shot by Jonathan Huberdeau.
2:35 of 2nd period - Stopped by Cory Schneider without a rebound.
2:36 of 2nd period - Nick Bonino wins face-off versus Patrik Elias in Jets zone.
2:36 of 2nd period - Nick Bonino is hit by Ryan Callahan.
3:09 of 2nd period - Shea Weber is hit by Jason Zucker and loses puck.
3:40 of 2nd period - Brad Marchand is hit by Shea Weber.
3:44 of 2nd period - Shot by Joe Pavelski.
3:44 of 2nd period - Shot Misses the Net.
3:46 of 2nd period - Shot by Joe Pavelski.
3:46 of 2nd period - Stopped by Jonathan Quick without a rebound.
3:47 of 2nd period - Evgeni Malkin wins face-off versus David Krejci in Stars zone.
3:55 of 2nd period - Icing by Brent Seabrook.
3:56 of 2nd period - David Krejci wins face-off versus Jonathan Huberdeau in Jets zone.
4:06 of 2nd period - Shot by Jamie Benn.
4:06 of 2nd period - Shot Misses the Net.
4:13 of 2nd period - Icing by David Backes.
4:14 of 2nd period - Joe Pavelski wins face-off versus David Backes in Stars zone.
4:17 of 2nd period - Shot by Kyle Okposo.
4:17 of 2nd period - Deflect By Brad Marchand.
4:17 of 2nd period - Shot Blocked by Jonathan Huberdeau.
4:47 of 2nd period - Shot by David Backes.
4:47 of 2nd period - Stopped by Cory Schneider without a rebound.
4:48 of 2nd period - David Krejci wins face-off versus Evgeni Malkin in Jets zone.
4:48 of 2nd period - David Krejci is hit by Ondrej Palat.
5:53 of 2nd period - Icing by Hampus Lindholm.
5:54 of 2nd period - Joe Pavelski wins face-off versus David Backes in Jets zone.
5:54 of 2nd period - Joe Pavelski is hit by David Backes.
6:14 of 2nd period - Shot by Nikita Kucherov.
6:14 of 2nd period - Stopped by Cory Schneider without a rebound.
6:15 of 2nd period - Boyd Gordon wins face-off versus Patrik Elias in Jets zone.
7:13 of 2nd period - Icing by Nick Bonino.
7:14 of 2nd period - Evgeni Malkin wins face-off versus Boyd Gordon in Jets zone.
7:59 of 2nd period - Shot by Kyle Okposo.
7:59 of 2nd period - Shot Misses the Net.
8:15 of 2nd period - Shot by Joe Pavelski.
8:15 of 2nd period - Stopped by Jonathan Quick without a rebound.
8:16 of 2nd period - David Krejci wins face-off versus David Backes in Stars zone.
8:22 of 2nd period - Icing by Shea Weber.
8:23 of 2nd period - David Backes wins face-off versus David Krejci in Stars zone.
8:23 of 2nd period - David Backes is hit by Jamie Benn.
8:45 of 2nd period - Shot by Jonathan Huberdeau.
8:45 of 2nd period - Shot Misses the Net.
8:49 of 2nd period - Shot by Nikita Kucherov.
8:49 of 2nd period - Shot Blocked by Tyler Myers.
9:37 of 2nd period - Shot by Paul Byron.
9:37 of 2nd period - Shot Misses the Net.
9:46 of 2nd period - Kyle Okposo is hit by Mark Stuart and loses puck.
9:54 of 2nd period - Icing by Mark Stuart.
9:55 of 2nd period - Nick Bonino wins face-off versus Patrik Elias in Stars zone.
10:01 of 2nd period - Nick Bonino is hit by Mark Stuart and loses puck.
10:22 of 2nd period - Shot by Frans Nielsen.
10:22 of 2nd period - Stopped by Jonathan Quick without a rebound.
10:23 of 2nd period - Joe Pavelski wins face-off versus Evgeni Malkin in Stars zone.
11:43 of 2nd period - Shot by Shea Weber.
11:43 of 2nd period - Stopped by Cory Schneider without a rebound.
11:44 of 2nd period - Nick Bonino wins face-off versus David Backes in Jets zone.
12:06 of 2nd period - Icing by Shea Weber.
12:07 of 2nd period - David Backes wins face-off versus David Krejci in Stars zone.
12:20 of 2nd period - Icing by Jamie Benn.
12:21 of 2nd period - Patrik Elias wins face-off versus Cam Atkinson in Jets zone.
12:21 of 2nd period - Vyacheslav Voynov is hit by Dylan Olsen and loses puck.
12:52 of 2nd period - Shot by Ryan Callahan.
12:52 of 2nd period - Shot Misses the Net.
12:54 of 2nd period - Shot by Paul Byron.
12:54 of 2nd period - Deflect By Ryan Callahan.
12:54 of 2nd period - Shot Blocked by Nicklas Grossmann.
13:51 of 2nd period - Shot by David Backes.
13:51 of 2nd period - Deflect By Nikita Kucherov.
13:51 of 2nd period - Shot Blocked by Brad Marchand.
14:09 of 2nd period - Shot by Evgeni Malkin.
14:09 of 2nd period - Stopped by Cory Schneider with a rebound.
14:11 of 2nd period - Shot by Mark Stuart.
14:11 of 2nd period - Stopped by Cory Schneider without a rebound.
14:12 of 2nd period - Nick Bonino wins face-off versus Evgeni Malkin in Jets zone.
14:21 of 2nd period - Frans Nielsen is hit by Ondrej Palat and loses puck.
14:27 of 2nd period - Icing by Tobias Enstrom.
14:28 of 2nd period - Nick Bonino wins face-off versus Paul Byron in Jets zone.
15:04 of 2nd period - Shot by Jason Zucker.
15:04 of 2nd period - Stopped by Jonathan Quick without a rebound.
15:05 of 2nd period - Joe Pavelski wins face-off versus Tyler Seguin in Stars zone.
15:37 of 2nd period - Shot by Tyler Seguin.
15:37 of 2nd period - Stopped by Cory Schneider without a rebound.
15:38 of 2nd period - David Krejci wins face-off versus David Backes in Jets zone.
15:40 of 2nd period - Icing by Cam Atkinson.
15:41 of 2nd period - David Krejci wins face-off versus David Backes in Jets zone.
16:07 of 2nd period - Cam Atkinson is hit by Shea Weber and loses puck.
16:10 of 2nd period - Shot by Cam Atkinson.
16:10 of 2nd period - Stopped by Jonathan Quick without a rebound.
16:11 of 2nd period - Joe Pavelski wins face-off versus Evgeni Malkin in Stars zone.
16:38 of 2nd period - Zdeno Chara is hit by Joe Pavelski and loses puck.
16:52 of 2nd period - Tyler Myers is hit by Tyler Seguin and loses puck.
17:41 of 2nd period - Nikita Kucherov is hit by Brad Marchand and loses puck.
19:24 of 2nd period - Icing by Dylan Olsen.
19:25 of 2nd period - Nikita Kucherov wins face-off versus Boyd Gordon in Jets zone.
19:28 of 2nd period - Shot by David Backes.
19:28 of 2nd period - Stopped by Cory Schneider without a rebound.
19:29 of 2nd period - David Backes wins face-off versus Nick Bonino in Jets zone.
19:30 of 2nd period - Shot by Nikita Kucherov.
19:30 of 2nd period - Shot Misses the Net.
19:34 of 2nd period - Shot by Olli Maatta.
19:34 of 2nd period - Stopped by Cory Schneider without a rebound.
19:35 of 2nd period - Boyd Gordon wins face-off versus David Backes in Jets zone.
Goals for this period are 0 for Stars vs 0 for Jets.
Shots for this period are 10 for Stars vs 6 for Jets.

3rd period


0:01 of 3rd period - Joe Pavelski wins face-off versus Tyler Seguin in neutral zone.
1:14 of 3rd period - Cam Atkinson is hit by Zdeno Chara and loses puck.
1:24 of 3rd period - Off-side.
1:25 of 3rd period - Evgeni Malkin wins face-off versus Nick Bonino in neutral zone.
1:46 of 3rd period - Off-side.
1:47 of 3rd period - David Krejci wins face-off versus Patrik Elias in neutral zone.
2:13 of 3rd period - David Krejci is hit by Patrik Elias and loses puck.
2:51 of 3rd period - Icing by Nick Bonino.
2:52 of 3rd period - Evgeni Malkin wins face-off versus Nick Bonino in Jets zone.
3:11 of 3rd period - Shot by Ondrej Palat.
3:11 of 3rd period - Shot Blocked by Tobias Enstrom.
3:13 of 3rd period - Shot by Kris Letang.
3:13 of 3rd period - Stopped by Cory Schneider with a rebound.
3:15 of 3rd period - Shot by Evgeni Malkin.
3:15 of 3rd period - Stopped by Cory Schneider without a rebound.
3:16 of 3rd period - Joe Pavelski wins face-off versus Patrik Elias in Jets zone.
3:30 of 3rd period - Icing by Nicklas Grossmann.
3:31 of 3rd period - David Backes wins face-off versus Joe Pavelski in Jets zone.
3:42 of 3rd period - Shot by David Backes.
3:42 of 3rd period - Shot Misses the Net.
4:21 of 3rd period - Olli Maatta is hit by Jamie Benn.
4:35 of 3rd period - Shot by Jamie Benn.
4:35 of 3rd period - Shot Blocked by Paul Byron.
4:49 of 3rd period - Shot by Patrik Elias.
4:49 of 3rd period - Stopped by Cory Schneider without a rebound.
4:50 of 3rd period - Boyd Gordon wins face-off versus Tyler Seguin in Jets zone.
4:54 of 3rd period - Icing by Nick Bonino.
4:55 of 3rd period - Boyd Gordon wins face-off versus Evgeni Malkin in Jets zone.
4:55 of 3rd period - Boyd Gordon is hit by Ondrej Palat.
5:09 of 3rd period - Shot by Boyd Gordon.
5:09 of 3rd period - Goal by Boyd Gordon - Stars : 0 - Jets : 3.
5:10 of 3rd period - Joe Pavelski wins face-off versus Patrik Elias in neutral zone.
5:13 of 3rd period - Kris Letang is hit by Brad Marchand and loses puck.
5:28 of 3rd period - Shot by Ryan Callahan.
5:28 of 3rd period - Deflect By Patrik Elias.
5:28 of 3rd period - Stopped by Cory Schneider without a rebound.
5:29 of 3rd period - Evgeni Malkin wins face-off versus David Krejci in Jets zone.
5:39 of 3rd period - Tyler Seguin is hit by Tobias Enstrom.
5:55 of 3rd period - Shot by Tyler Seguin.
5:55 of 3rd period - Shot Misses the Net.
5:59 of 3rd period - Shot by Evgeni Malkin.
5:59 of 3rd period - Deflect By Tyler Seguin.
5:59 of 3rd period - Shot Misses the Net.
6:05 of 3rd period - Shot by Tyler Seguin.
6:05 of 3rd period - Shot Blocked by Hampus Lindholm.
6:07 of 3rd period - Shot by Vyacheslav Voynov.
6:07 of 3rd period - Shot Blocked by David Krejci.
6:25 of 3rd period - Shot by Nikita Kucherov.
6:25 of 3rd period - Stopped by Cory Schneider without a rebound.
6:26 of 3rd period - David Backes wins face-off versus Joe Pavelski in Jets zone.
6:41 of 3rd period - Shot by Jonathan Huberdeau.
6:41 of 3rd period - Stopped by Cory Schneider without a rebound.
6:42 of 3rd period - Nick Bonino wins face-off versus Patrik Elias in Jets zone.
7:09 of 3rd period - Shot by Ryan Callahan.
7:09 of 3rd period - Stopped by Cory Schneider without a rebound.
7:10 of 3rd period - Tyler Seguin wins face-off versus Joe Pavelski in Jets zone.
7:31 of 3rd period - Shot by Brad Marchand.
7:31 of 3rd period - Stopped by Jonathan Quick without a rebound.
7:32 of 3rd period - David Backes wins face-off versus David Krejci in Stars zone.
7:36 of 3rd period - Nikita Kucherov is hit by Jamie Benn.
7:41 of 3rd period - Minor Penalty to Shea Weber for Holding.
7:42 of 3rd period - Joe Pavelski wins face-off versus David Backes in Stars zone.
8:07 of 3rd period - Shot by Tobias Enstrom.
8:07 of 3rd period - Stopped by Jonathan Quick without a rebound.
8:08 of 3rd period - David Backes wins face-off versus David Krejci in Stars zone.
8:08 of 3rd period - David Backes is hit by Brad Marchand.
8:26 of 3rd period - Shot by Tyler Myers.
8:26 of 3rd period - Stopped by Jonathan Quick without a rebound.
8:27 of 3rd period - Joe Pavelski wins face-off versus Tyler Seguin in Stars zone.
10:01 of 3rd period - Icing by Nicklas Grossmann.
10:02 of 3rd period - Patrik Elias wins face-off versus Boyd Gordon in Jets zone.
10:02 of 3rd period - Kris Letang is hit by Dylan Olsen and loses puck.
10:07 of 3rd period - Shot by Ryan Callahan.
10:07 of 3rd period - Shot Hit the Post.
10:30 of 3rd period - Ryan Callahan is hit by Dylan Olsen and loses puck.
10:33 of 3rd period - Shot by Patrik Elias.
10:33 of 3rd period - Stopped by Cory Schneider without a rebound.
10:34 of 3rd period - David Backes wins face-off versus Joe Pavelski in Jets zone.
10:43 of 3rd period - Shot by Nikita Kucherov.
10:43 of 3rd period - Shot Misses the Net.
10:53 of 3rd period - Shot by Nikita Kucherov.
10:53 of 3rd period - Stopped by Cory Schneider without a rebound.
10:54 of 3rd period - Evgeni Malkin wins face-off versus David Krejci in Jets zone.
11:15 of 3rd period - Shot by Evgeni Malkin.
11:15 of 3rd period - Shot Blocked by Hampus Lindholm.
11:17 of 3rd period - Shot by Tyler Seguin.
11:17 of 3rd period - Goal by Tyler Seguin - Stars : 1 - Jets : 3.
11:18 of 3rd period - David Backes wins face-off versus Joe Pavelski in neutral zone.
11:21 of 3rd period - Shot by Nikita Kucherov.
11:21 of 3rd period - Goal by Nikita Kucherov - Stars : 2 - Jets : 3.
11:22 of 3rd period - Joe Pavelski wins face-off versus David Backes in neutral zone.
11:24 of 3rd period - Brent Seabrook is hit by David Backes and loses puck.
11:43 of 3rd period - Shot by Nikita Kucherov.
11:43 of 3rd period - Shot Misses the Net.
12:47 of 3rd period - Shot by Evgeni Malkin.
12:47 of 3rd period - Shot Blocked by Brent Seabrook.
12:49 of 3rd period - Shot by Tyler Seguin.
12:49 of 3rd period - Shot Misses the Net.
12:55 of 3rd period - Shot by Evgeni Malkin.
12:55 of 3rd period - Stopped by Cory Schneider without a rebound.
12:56 of 3rd period - David Krejci wins face-off versus Patrik Elias in Jets zone.
13:15 of 3rd period - Shot by Patrik Elias.
13:15 of 3rd period - Shot Misses the Net.
13:17 of 3rd period - Shot by Patrik Elias.
13:17 of 3rd period - Goal by Patrik Elias - Stars : 3 - Jets : 3.
13:18 of 3rd period - Jonathan Huberdeau wins face-off versus Nick Bonino in neutral zone.
13:38 of 3rd period - Icing by Nick Bonino.
13:39 of 3rd period - Evgeni Malkin wins face-off versus Nick Bonino in Jets zone.
13:57 of 3rd period - Icing by Jason Zucker.
13:58 of 3rd period - Nick Bonino wins face-off versus David Backes in Jets zone.
13:58 of 3rd period - Nick Bonino is hit by David Backes.
14:06 of 3rd period - Shot by David Backes.
14:06 of 3rd period - Shot Misses the Net.
14:36 of 3rd period - Shot by David Backes.
14:36 of 3rd period - Stopped by Cory Schneider without a rebound.
14:37 of 3rd period - Evgeni Malkin wins face-off versus Joe Pavelski in Jets zone.
15:50 of 3rd period - Shot by Patrik Elias.
15:50 of 3rd period - Shot Blocked by Hampus Lindholm.
16:13 of 3rd period - Jamie Benn is hit by Mark Stuart and loses puck.
16:41 of 3rd period - Off-side.
16:42 of 3rd period - Nick Bonino wins face-off versus David Backes in neutral zone.
16:42 of 3rd period - Frans Nielsen is hit by David Backes and loses puck.
16:49 of 3rd period - Shot by David Backes.
16:49 of 3rd period - Stopped by Cory Schneider without a rebound.
16:50 of 3rd period - Nick Bonino wins face-off versus Tyler Seguin in Jets zone.
16:54 of 3rd period - Off-side.
16:55 of 3rd period - David Backes wins face-off versus Joe Pavelski in neutral zone.
16:59 of 3rd period - Icing by Tyler Myers.
17:00 of 3rd period - Joe Pavelski wins face-off versus Ondrej Palat in Jets zone.
17:00 of 3rd period - Joe Pavelski is hit by Tyler Seguin.
17:23 of 3rd period - Shot by Kyle Okposo.
17:23 of 3rd period - Stopped by Jonathan Quick with a rebound.
17:39 of 3rd period - Shot by Joe Pavelski.
17:39 of 3rd period - Deflect By Brad Marchand.
17:39 of 3rd period - Stopped by Jonathan Quick without a rebound.
17:40 of 3rd period - David Krejci wins face-off versus David Backes in Stars zone.
19:13 of 3rd period - Shot by Brad Marchand.
19:13 of 3rd period - Stopped by Jonathan Quick without a rebound.
19:14 of 3rd period - Evgeni Malkin wins face-off versus Nick Bonino in Stars zone.
19:27 of 3rd period - Shot by Nicklas Grossmann.
19:27 of 3rd period - Shot Misses the Net.
19:29 of 3rd period - Shot by Frans Nielsen.
19:29 of 3rd period - Stopped by Jonathan Quick without a rebound.
19:30 of 3rd period - David Backes wins face-off versus Brad Marchand in Stars zone.
19:32 of 3rd period - Jonathan Huberdeau is hit by Kyle Okposo.
19:43 of 3rd period - Minor Penalty to Brent Seabrook for Tripping.
19:44 of 3rd period - Tyler Seguin wins face-off versus Frans Nielsen in Jets zone.
19:47 of 3rd period - Shot by Tyler Seguin.
19:47 of 3rd period - Stopped by Cory Schneider without a rebound.
19:48 of 3rd period - Evgeni Malkin wins face-off versus Frans Nielsen in Jets zone.
Goals for this period are 3 for Stars vs 1 for Jets.
Shots for this period are 16 for Stars vs 8 for Jets.

Overtime #1


0:01 of 1st overtime period - David Backes wins face-off versus Nick Bonino in neutral zone.
0:04 of 1st overtime period - Shot by Evgeni Malkin.
0:04 of 1st overtime period - Deflect By Nikita Kucherov.
0:04 of 1st overtime period - Stopped by Cory Schneider without a rebound.
0:05 of 1st overtime period - Nick Bonino wins face-off versus David Backes in Jets zone.
0:39 of 1st overtime period - Off-side.
0:40 of 1st overtime period - Nick Bonino wins face-off versus Jonathan Huberdeau in neutral zone.
0:51 of 1st overtime period - Shot by Tyler Seguin.
0:51 of 1st overtime period - Shot Blocked by Hampus Lindholm.
1:00 of 1st overtime period - Icing by Jonathan Huberdeau.
1:01 of 1st overtime period - Cam Atkinson wins face-off versus Tyler Seguin in Stars zone.
2:13 of 1st overtime period - Off-side.
2:14 of 1st overtime period - Patrik Elias wins face-off versus David Krejci in neutral zone.
2:22 of 1st overtime period - Icing by Hampus Lindholm.
2:23 of 1st overtime period - David Backes wins face-off versus David Krejci in Jets zone.
2:28 of 1st overtime period - Shot by Nikita Kucherov.
2:28 of 1st overtime period - Shot Misses the Net.
2:53 of 1st overtime period - Icing by Hampus Lindholm.
2:54 of 1st overtime period - David Krejci wins face-off versus Evgeni Malkin in Jets zone.
3:09 of 1st overtime period - Shot by Jamie Benn.
3:09 of 1st overtime period - Shot Misses the Net.
3:11 of 1st overtime period - Shot by Cam Atkinson.
3:11 of 1st overtime period - Stopped by Jonathan Quick without a rebound.
3:12 of 1st overtime period - Patrik Elias wins face-off versus Joe Pavelski in Stars zone.
3:16 of 1st overtime period - Minor Penalty to Zdeno Chara for Roughing.
3:17 of 1st overtime period - David Backes wins face-off versus Jamie Benn in Stars zone.
3:23 of 1st overtime period - Icing by Joe Pavelski.
3:24 of 1st overtime period - Tyler Seguin wins face-off versus Joe Pavelski in Jets zone.
4:05 of 1st overtime period - Shot by Joe Pavelski.
4:05 of 1st overtime period - Shot Blocked by Kris Letang.
4:07 of 1st overtime period - Shot by Jamie Benn.
4:07 of 1st overtime period - Shot Misses the Net.
4:52 of 1st overtime period - Off-side.
4:53 of 1st overtime period - Joe Pavelski wins face-off versus David Backes in neutral zone.
5:18 of 1st overtime period - Shot by Nick Bonino.
5:18 of 1st overtime period - Goal by Nick Bonino - Stars : 3 - Jets : 4.
Goals for this period are 0 for Stars vs 1 for Jets.
Shots for this period are 1 for Stars vs 2 for Jets.